 Dungeon Crawl Stone Soup version 0.28-a0-1356-g2ad6d04315 (webtiles) character file.

Game seed: 9733846822562593689

702 freelancePsychic the Magician (level 7, -2/50 HPs)
             Began as a Djinni Fire Elementalist on Dec 31, 2021.
             Was a Priest of Dithmenos.
             Killed from afar by a white imp (12 damage)
             ... with a puff of frost
             ... summoned by Eustachio
             ... on level 5 of the Dungeon.
             The game lasted 00:07:26 (5629 turns).

freelancePsychic the Magician (DjFE)                Turns: 5629, Time: 00:07:26

Health: -2/50      AC:  2    Str:  7    XL:     7   Next: 98%
Gold:   246        EV: 12    Int: 18    God:    Dithmenos [***...] SH:  0 Dex: 14

rFire   + + .      SeeInvis .   g - +0 dagger (protect)
rCold   x . .      Faith    .   (no shield)
rNeg    . . .      Spirit   .   a - +0 robe
rPois   ∞          Reflect  .   (no helmet)
rElec   .          Harm     .   (no cloak)
rCorr   .          Rampage  .   (no gloves)
Will    .....                   (boots unavailable)
Stlth   +++.......              (no amulet)
HPRegen 0.16/turn               (no ring)
MPRegen 0.00/turn               (no ring)

@: flying, wreathed by umbra
A: sickness immunity, fire resistance 2, cold vulnerability 1, float, innate
caster, hp casting, extra vitality 1
a: Renounce Religion, Shadow Step


You were on level 5 of the Dungeon.
You worshipped Dithmenos.
Dithmenos was most pleased with you.
You visited 1 branch of the dungeon, and saw 5 of its levels.

You collected 246 gold pieces.

Inventory:

Hand Weapons
 g - a +0 dagger of protection (weapon)
Armour
 a - a +0 robe (worn)
Wands
 o - a wand of acid (17)
Scrolls
 b - 2 scrolls of blinking
 e - a scroll of immolation
 j - a scroll of fear {unknown}
 l - a scroll of enchant armour
 p - a scroll of enchant weapon
Potions
 c - 2 potions of curing {unknown}
 d - a potion of cancellation
 f - a potion of haste {unknown}
 h - 2 potions of flight {unknown}
 i - 2 potions of might
 k - a potion of resistance {unknown}
 m - a potion of mutation {unknown}


   Skills:
 + Level 3.2 Fighting
 + Level 2.6 Short Blades
 - Level 2.7 Dodging
 + Level 3.6 Stealth
 * Level 4.6 Spellcasting


You couldn't memorise any spells.
You knew the following spells:

 Your Spells              Type           Power      Damage    Failure   Level
a - Foxfire               Conj/Fire      80%        2x1d8     1%          1
b - Scorch                Fire           40%        2d7       3%          2
c - Inner Flame           Hex/Fire       20%        N/A       6%          3
d - Conjure Flame         Conj/Fire      20%        6-21      6%          3
e - Flame Wave            Conj/Fire      20%        2d6       21%         4
f - Freeze                Ice            80%        1d9       1%          1
g - Blink                 Tloc           40%        N/A       3%          2
h - Corpse Rot            Necr/Air       40%        N/A       3%          2
Your spell library was empty.

Dungeon Overview and Level Annotations

Branches:
Dungeon (5/15)
 Temple: D:4-7

Altars:
Dithmenos
Sif Muna

Annotations:
D:5 Eustachio


Innate Abilities, Weirdness & Mutations

You are immune to sickness and miasma.
You are immune to poison.
Your flesh is very heat resistant. (rF++)
You are vulnerable to cold. (rC-)
You float through the air rather than walking.
You learn spells naturally, not from books.
Your magical power is your life essence.
You have superior vitality. (+4 MHP)


Message History

The shadow imp gestures at you.
You struggle to resist.
Casting: Foxfire (safe; 1% risk of failure)
Confirm with . or Enter, or press ? or * to list all spells.
You conjure some foxfire!
The white imp hits you.
* * * LOW HITPOINT WARNING * * *
The white imp freezes you.
You feel a terrible chill!
* * * LOW HITPOINT WARNING * * *
Eustachio barely misses you.
The foxfire hits Eustachio.
Eustachio resists.
Flame seeps out of Eustachio.
Eustachio is heavily wounded.
The foxfire hits Eustachio.
Eustachio resists.
Flame seeps out of Eustachio.
Eustachio is heavily wounded.
Eustachio is engulfed in blazing flames.
Flame seeps out of Eustachio.
You feel much better. The white imp gestures at you.
The puff of frost hits you!
You feel a terrible chill!
* * * LOW HITPOINT WARNING * * *
Eustachio casts a spell.
The shadow imp hits you but does no damage.
Casting: Foxfire (safe; 1% risk of failure)
Confirm with . or Enter, or press ? or * to list all spells.
You conjure some foxfire!
* * * LOW HITPOINT WARNING * * *
The white imp barely misses you. Eustachio hits you with a +0 rapier.
* * * LOW HITPOINT WARNING * * *
The shadow imp misses you.
The shadow imp disappears in a puff of smoke!
The foxfire hits Eustachio.
Eustachio resists.
Flame seeps out of Eustachio.
Eustachio is severely wounded.
The foxfire hits Eustachio.
Eustachio completely resists.
Eustachio is severely wounded.
Eustachio is engulfed in blazing flames.
Flame seeps out of Eustachio.
Eustachio mumbles some strange words.
The white imp puffs mist at you. The white imp gestures at you.
The puff of frost hits you!
You feel a terrible chill!
You die...

.#†......#.........#
.#.......#.......>.#
.#.......#...<.....#
.#.......#.........#
.#.......#.........#
.#.......#.........#
.#.......#........##
## #........# .#
#......@.# .#
#.......§# .#
#...##.5.# .# #...
#r5@# .# +.. #...##
## +b...# #....#
#....# ##'###


You could see Eustachio (inner flame, strong), a quasit (summoned), a river rat
(summoned), a white imp (summoned) and a bat (summoned).

Vanquished Creatures
  An ogre (D:4)
  A necrophage (D:5)
  3 scorpions
  A hound (D:4)
  An orc priest (D:4)
  Jessica (D:2)
  An iguana (D:5)
  A howler monkey skeleton (D:4)
  3 gnolls (D:5)
  10 adders
  An ufetubus (D:4)
  An adder skeleton (D:4)
  6 dart slugs
  7 orcs
  7 endoplasms
  2 giant cockroaches
  6 goblins
  6 hobgoblins
  12 jackals
  2 quokkas (D:1)
  9 ball pythons
  8 bats
  2 frilled lizards
  2 kobolds (D:2)
  6 rats
100 creatures vanquished.

Vanquished Creatures (collateral kills)
  3 foxfires (D:1)
3 creatures vanquished.

Vanquished Creatures (others)
  347 foxfires
347 creatures vanquished.

Grand Total: 450 creatures vanquished

Notes
Turn   | Place    | Note
-------+----------+-------------------------------------------
     0 | D:1      | freelancePsychic the Djinni Fire Elementalist began the
                  | quest for the Orb.
     0 | D:1      | Reached XP level 1. HP: 15/15 MP: 0/0
   234 | D:1      | Reached XP level 2. HP: 12/21 MP: 0/0
   712 | D:1      | Found a faded altar of an unknown god.
   715 | D:1      | Prayed at the altar of an unknown god.
   715 | D:1      | Became a worshipper of Dithmenos the Shadowed
   715 | D:1      | Reached * piety under Dithmenos
   813 | D:1      | Reached XP level 3. HP: 22/25 MP: 0/0
   813 | D:1      | Learned a level 1 spell: Freeze
  1499 | D:2      | Reached skill level 3 in Spellcasting
  1499 | D:2      | Reached XP level 4. HP: 24/31 MP: 0/0
  1570 | D:2      | Reached skill level 1 in Fighting
  1829 | D:2      | Noticed Jessica
  1834 | D:2      | Killed Jessica
  1834 | D:2      | Reached ** piety under Dithmenos
  1953 | D:2      | Reached XP level 5. HP: 19/37 MP: 0/0
  1953 | D:2      | Learned a level 2 spell: Blink
  3088 | D:3      | Reached skill level 1 in Short Blades
  3979 | D:4      | Reached XP level 6. HP: 40/43 MP: 0/0
  4111 | D:4      | Reached *** piety under Dithmenos
  4204 | D:4      | Noticed an ogre
  4460 | D:4      | Killed an ogre
  4461 | D:4      | Reached skill level 4 in Spellcasting
  4461 | D:4      | Reached XP level 7. HP: 42/49 MP: 0/0
  4461 | D:4      | Learned a level 2 spell: Corpse Rot
  4735 | D:5      | Entered Level 5 of the Dungeon
  5611 | D:5      | Noticed Eustachio
  5629 | D:5      | Killed from afar by a white imp

Illustrated notes

Levels and vault maps discovered:
D:1:      lightli_arrival_lavapool, layout_loops_ring,
          shapermc_ecumenical_altar_mp_urbaneastern
D:2:      layout_rooms, basic_altar, uniq_jessica
D:3:      layout_loops_corners, serial_forest, infiniplex_forest_end_2,
          infiniplex_forest_lined_2, infiniplex_forest_lined_corner,
          infiniplex_forest_straight_4, minmay_tree_intersection,
          minmay_misc_feat_more_columns
D:4:      minmay_spotlight, layout_basic
D:5:      layout_gridville, uniq_eustachio, uniq_prince_ribbit1

Skill      XL: |  1  2  3  4  5  6  7 |
---------------+----------------------+-----
Stealth        | 2 3 |  3.6
Spellcasting   | 3 4 |  4.6
Fighting       | 1 2 3 |  3.2
Short Blades   | 1 2 |  2.6
Dodging        | |  2.7

Action                   |  1- 3 |  4- 6 |  7- 9 || total
-------------------------+-------+-------+-------++-------
Melee: Dagger            |       |    35 |    24 ||    59
 Cast: Foxfire           |    62 |   101 |    40 ||   203
       Inner Flame       |       |     1 |     5 ||     6
  Use: Scroll            |       |     6 |     2 ||     8
       Potion            |       |       |     1 ||     1
 Stab: Sleeping          |       |     7 |     6 ||    13
Armor: Robe              |     3 |     8 |    13 ||    24
Dodge: Dodged            |    20 |    36 |    21 ||    77

Table legend: (Time is in decaauts)
 A = Elapsed time spent in this place.
 B = Non-inter-level travel time spent in this place.
 C = Inter-level travel time spent in this place.
 D = Time resting spent in this place.
 E = Time spent auto-exploring this place.
 F = Levels seen in this place.
 G = Mean time per level.
                   A        B        C        D        E       F      G
               +--------+--------+--------+--------+--------+-----+--------+
         Total |   5623 |   5524 |     99 |      0 |   4829 |   5 | 1124.6 |
       Dungeon |   5623 |   5524 |     99 |      0 |   4829 |   5 | 1124.6 |
               +--------+--------+--------+--------+--------+-----+--------+

Top non-repeatable levels by time:
     D:3: 1452 daAuts
     D:1: 1267 daAuts
     D:4: 1112 daAuts
     D:2: 900 daAuts
     D:5: 891 daAuts
